 Dungeon Crawl Stone Soup version 0.25-a0-41-g6cf4ce537d (webtiles) character file.

Game seed: 193359104610271493, levelgen mode: deterministic

32882 inmateoo the Markscentaur (level 13, -1/107 HPs)
             Began as a Centaur Hunter on Oct 21, 2019.
             Was the Champion of Okawaru.
             Slain by an angel
             ... wielding a +2 whip of holy wrath
              (10 damage)
             ... on level 3 of the Abyss.
             The game lasted 00:39:14 (20458 turns).

inmateoo the Markscentaur (Centaur Hunter)         Turns: 20458, Time: 00:39:15

Health: -1/107     AC: 32    Str: 19    XL:     13   Next: 33%
Magic:  5/6        EV: 16    Int: 10    God:    Okawaru [******]
Gold:   1056       SH:  0    Dex: 23    Spells: 12/12 levels left

rFire    + + .     SeeInvis .   y - +8 rapier "Ygeh" {antimagic, rF+ Dex+3}
rCold    + . .     Gourm    .   (no shield)
rNeg     . . .     Faith    .   H - +8 chain mail of Purpose {Str+4}
rPois    .         Spirit   .   (no helmet)
rElec    .         Reflect  .   k - +0 cloak
rCorr    .         Harm     .   h - +1 pair of gloves
MR       +....                  S - +4 centaur barding {rC+}
Stlth    +.........             (no amulet)
HPRegen  0.27/turn              j - ring of protection from fire
MPRegen  0.10/turn              P - ring of protection from magic (curse)

@: agile, heroism, hasted, glowing, very quick
A: large, hooves 3, deformed body, speed 2, tough skin 3
a: Heroism, Finesse, Renounce Religion


You were on level 3 of the Abyss.
You worshipped Okawaru.
Okawaru was exalted by your worship.
You were full.

You visited 2 branches of the dungeon, and saw 16 of its levels.
You visited the Abyss 1 time.

You collected 1056 gold pieces.

Inventory:

Hand Weapons
 a - a +2 shortbow of venom
 b - a +2 dagger of electrocution
 n - a +1 dagger of venom
 y - the +8 rapier "Ygeh" (weapon) {antimagic, rF+ Dex+3}
   (You found it on level 4 of the Dungeon)

   It reduces the magical energy of the wielder, and disrupts the spells and
   magical abilities of those hit.
   Natural abilities and divine invocations are not affected.
   It affects your dexterity (+3).
   It protects you from fire.
 A - a +2 short sword of flaming
 O - a +1 shortbow of freezing
Missiles
 d - 578 arrows
 D - 2 throwing nets (quivered)
Armour
 h - a +1 pair of gloves (worn)
 k - a +0 cloak (worn)
 H - the +8 chain mail of Purpose (worn) {Str+4}
   (You found it on level 11 of the Dungeon)

   It affects your strength (+4).
 S - a +4 centaur barding of cold resistance (worn)
Jewellery
 j - a ring of protection from fire (left hand)
 q - an uncursed ring of protection from fire
 v - an uncursed ring of positive energy
 P - a cursed ring of protection from magic (right hand)
Wands
 c - a wand of polymorph (19)
 w - a wand of disintegration (17)
 E - a wand of flame (59)
 F - a wand of enslavement (4)
 L - a wand of iceblast (5)
 Q - a wand of random effects (35)
Scrolls
 g - a scroll of fog
 l - 8 scrolls of remove curse
 m - 2 scrolls of amnesia
 t - a scroll of brand weapon
 C - 2 scrolls of magic mapping
 G - 5 scrolls of identify
 I - a scroll of blinking
 M - 2 scrolls of enchant weapon
 N - 2 scrolls of teleportation
Potions
 e - 2 potions of haste
 i - 5 potions of lignification
 o - 4 potions of brilliance
 p - a potion of agility
 r - 3 potions of flight
 z - a potion of ambrosia
 B - 2 potions of berserk rage
 J - a potion of cancellation
 R - a potion of magic {unknown}
Comestibles
 f - 19 rations


   Skills:
 - Level 8.0(13.0) Fighting
 + Level 7.9(12.9) Short Blades
 + Level 16.2(21.2) Bows
 + Level 4.7(9.7) Armour
 + Level 6.3(11.3) Dodging
 - Level 6.0(11.0) Stealth
 - Level 9.0 Invocations


You had 12 spell levels left.
You didn't know any spells.
Your spell library contained the following spells:

 Spells                   Type           Power        Failure   Level  Hunger
 Animate Skeleton         Necr           N/A          96%         1    ##.....
 Apportation              Tloc           #.....       96%         1    ##.....
 Confusing Touch          Hex            #.....       96%         1    ##.....
 Summon Small Mammal      Summ           #...         96%         1    ##.....


Dungeon Overview and Level Annotations

Branches:
Dungeon (15/15)            Temple (1/1) D:5            Lair (0/6) D:8
    Orc (0/2) D:9          Vaults (0/5) D:13
 Depths: D:15

Altars:
Ashenzari
Cheibriados
Dithmenos
Elyvilon
Fedhas
Gozag
Hepliaklqana
Kikubaaqudgha
Makhleb
Nemelex Xobeh
Okawaru
Qazlal
Ru
Sif Muna
Trog
Uskayaw
Vehumet
Wu Jian
Xom
Yredelemnul
Zin
The Shining One

Shops:
D:6 [

Annotations:
D:6 2 transporters, Flugkiller's ghost, novice OpEn
D:10 2 transporters, hitsuchi's ghost, novice MfGl


Innate Abilities, Weirdness & Mutations

You have hooves in place of feet.
Armour fits poorly on your strangely shaped body.
You cover ground very quickly.
You have extremely tough skin. (AC +3)


Message History

Something smites you!
* * * LOW HITPOINT WARNING * * *
Unknown command.
You feel better.
The angel falters for a moment.
You feel better. The angel hits you but does no damage.
The angel hits you with a +2 whip of holy wrath.
* * * LOW HITPOINT WARNING * * *
The smoke demon misses you.
The smoke demon hits you but does no damage. x2
Your chain mail of Purpose prevents you from hitting the angel.
You kick the angel, but do no damage.
The angel is almost dead.
The angel hits you with a +2 whip of holy wrath!
* * * LOW HITPOINT WARNING * * *
The angel hits you with a +2 whip of holy wrath.
* * * LOW HITPOINT WARNING * * *
You feel better. The smoke demon closely misses you.
The smoke demon hits you but does no damage. x2
The angel hits you with a +2 whip of holy wrath!
You die...

..# #. .# #
.###. ##. ...#
#....
..##.........
#. .#..... . .
# ##...#####8
# .# ..)'...##
#..###A3.⌠..+
#.# #.@'...##
.........#####
#..#.##... #.
.#... #
..####. ..# ..
..# .. .#. .#


You could see an angel and a smoke demon.

Vanquished Creatures
  2 tentacled starspawn (Abyss:3)
  3 centaur warriors
  Harold (D:9)
  4 two-headed ogres
  A dancing weapon (Abyss:3)
  An unseen horror (D:13)
  2 necromancers (D:13)
  A manticore (D:15)
  2 ugly things
  3 cyclopes
  A smoke demon (Abyss:3)
  A gargoyle (D:15)
  6 centaur skeletons
  An orange demon (Abyss:3)
  A yaktaur (D:13)
  3 kobold demonologists (D:13)
  2 hellwings (Abyss:3)
  A troll (D:10)
  A troll (shapeshifter) (D:13)
  A hornet (D:11)
  A vampire (D:11)
  2 hippogriffs (D:7)
  A water elemental (D:15)
  A wraith (D:13)
  2 wyverns
  19 yaks
  15 humans (D:13)
  Grum (D:9)
  A golden eye (shapeshifter) (D:13)
  2 steam dragons (D:10)
  2 vampire mosquitoes (D:12)
  A large abomination (Abyss:3)
  An acid dragon (D:15)
  A water moccasin (D:11)
  4 ice beasts
  An orc warrior (D:9)
  6 sky beasts
  An eye of draining (D:12)
  4 black bears
  4 phantoms
  10 ogres
  A necrophage (D:10)
  11 centaurs
  4 wolves
  6 big kobolds
  7 bullfrogs
  A wyvern zombie (D:13)
  3 scorpions
  3 wights (D:13)
  10 killer bees
  3 electric eels (D:12)
  4 centaur zombies
  6 crimson imps
  3 bullfrog zombies
  2 hounds
  5 jellies
  5 orc priests
  A bullfrog skeleton (D:7)
  10 orc wizards
  A gnoll shaman (D:5)
  Jessica (D:3)
  5 iguanas
  9 worker ants
  2 worker ant zombies
  A hound skeleton (D:8)
  12 adders
  11 gnolls
  3 shadow imps
  An adder skeleton (D:7)
  4 worms
  5 dart slugs
  2 leopard geckos
  38 orcs
  6 bats
  A giant cockroach (D:4)
  9 goblins
  8 hobgoblins
  14 jackals
  18 kobolds
  3 quokkas
  2 ball pythons
  2 frilled lizards
  A quokka skeleton (D:4)
  6 rats
368 creatures vanquished.

Vanquished Creatures (others)
  An orc (D:10)
  4 starspawn tentacles (Abyss:3)
5 creatures vanquished.

Grand Total: 373 creatures vanquished

Notes
Turn   | Place    | Note
-------+----------+-------------------------------------------
     0 | D:1      | inmateoo the Centaur Hunter began the quest for the Orb.
     0 | D:1      | Reached XP level 1. HP: 17/17 MP: 1/1
   183 | D:1      | Reached XP level 2. HP: 24/24 MP: 2/2
   951 | D:2      | Reached XP level 3. HP: 28/30 MP: 3/3
   986 | D:2      | Reached skill level 1 in Stealth
   989 | D:2      | Reached skill level 6 in Bows
  1169 | D:2      | Reached XP level 4. HP: 32/37 MP: 4/4
  1909 | D:3      | Noticed Jessica
  1925 | D:3      | Killed Jessica
  1925 | D:3      | Reached XP level 5. HP: 29/44 MP: 5/5
  2711 | D:4      | Reached skill level 7 in Bows
  2910 | D:4      | Noticed an ogre
  2950 | D:4      | Killed an ogre
  2950 | D:4      | Reached skill level 1 in Short Blades
  2950 | D:4      | Reached XP level 6. HP: 51/51 MP: 6/6
  2994 | D:4      | Got a steaming rapier
  3006 | D:4      | Identified the +8 rapier "Ygeh" {antimagic, rF+ Dex+3} (You
                  | found it on level 4 of the Dungeon)
  3511 | D:4      | Reached skill level 8 in Bows
  3511 | D:4      | Reached XP level 7. HP: 58/58 MP: 7/7
  3760 | D:5      | Entered Level 5 of the Dungeon
  4403 | D:5      | Found a staircase to the Ecumenical Temple.
  4491 | Temple   | Entered the Ecumenical Temple
  4555 | Temple   | Became a worshipper of Warmaster Okawaru
  4604 | D:5      | Reached skill level 9 in Bows
  4847 | D:5      | Reached XP level 8. HP: 53/67 MP: 8/8
  4936 | D:5      | Reached skill level 1 in Invocations
  5304 | D:5      | Reached * piety under Okawaru
  6074 | D:6      | Found Jymoq's Antique Armour Shoppe.
  6074 | D:6      | Found a transporter.
  6077 | D:6      | Noticed Flugkiller's ghost (novice OpEn)
  6094 | D:6      | Reached skill level 10 in Bows
  6160 | D:6      | Reached skill level 5 in Fighting
  6492 | D:6      | Found a glowing golden altar of the Shining One.
  6660 | D:6      | Found a transporter.
  6907 | D:7      | Reached ** piety under Okawaru
  6907 | D:7      | Reached XP level 9. HP: 62/74 MP: 3/11
  8045 | D:7      | Reached skill level 11 in Bows
  8264 | D:7      | Found a sparkling altar of Nemelex Xobeh.
  8936 | D:8      | Found a staircase to the Lair.
 10234 | D:9      | Reached *** piety under Okawaru
 10477 | D:9      | Noticed Harold
 10497 | D:9      | Killed Harold
 10497 | D:9      | Reached skill level 12 in Bows
 10497 | D:9      | Reached skill level 5 in Invocations
 10497 | D:9      | Reached XP level 10. HP: 62/84 MP: 4/13
 10588 | D:9      | Found a staircase to the Orcish Mines.
 11227 | D:9      | Noticed Grum
 11612 | D:9      | Killed Grum
 11701 | D:10     | Entered Level 10 of the Dungeon
 11742 | D:10     | Noticed hitsuchi's ghost (novice MfGl)
 12026 | D:10     | Found a transporter.
 12201 | D:10     | Reached **** piety under Okawaru
 12275 | D:10     | Received a gift from Okawaru
 12281 | D:10     | Reached skill level 13 in Bows
 12615 | D:10     | Found a transporter.
 12642 | D:10     | Noticed a two-headed ogre
 12697 | D:10     | Killed a two-headed ogre
 13354 | D:10     | Reached XP level 11. HP: 82/92 MP: 15/15
 13636 | D:11     | Received a gift from Okawaru
 13636 | D:11     | Reached skill level 5 in Short Blades
 13651 | D:11     | Got a warped chain mail
 13865 | D:11     | Got a transparent robe
 14047 | D:10     | Identified the +1 robe of Gumollod {rF+ rN+} (You found it
                  | on level 11 of the Dungeon)
 14057 | D:10     | Identified the +8 chain mail of Purpose {Str+4} (You found
                  | it on level 11 of the Dungeon)
 14174 | D:11     | Reached skill level 5 in Stealth
 14193 | D:11     | Reached skill level 14 in Bows
 14196 | D:11     | Received a gift from Okawaru
 14915 | D:12     | Noticed a red ugly thing
 14926 | D:12     | Killed a red ugly thing
 15082 | D:12     | Noticed a two-headed ogre
 15144 | D:12     | Killed a two-headed ogre
 15144 | D:12     | Reached ***** piety under Okawaru
 15144 | D:12     | Reached skill level 1 in Armour
 15202 | D:12     | Received a gift from Okawaru
 15591 | D:12     | Received a gift from Okawaru
 15655 | D:12     | Found a blossoming altar of Fedhas.
 15676 | D:12     | Noticed a white ugly thing
 15760 | D:11     | Killed a white ugly thing
 16241 | D:12     | Reached skill level 15 in Bows
 16356 | D:13     | You fall into a shaft and drop 2 floors!
 16356 | D:15     | Entered Level 15 of the Dungeon
 16483 | D:15     | Noticed a centaur warrior
 16497 | D:15     | Killed a centaur warrior
 16497 | D:15     | Reached XP level 12. HP: 101/101 MP: 5/17
 16740 | D:15     | Noticed a two-headed ogre
 16786 | D:15     | Received a gift from Okawaru
 16786 | D:15     | Reached skill level 5 in Dodging
 16803 | D:15     | Killed a two-headed ogre
 17157 | D:15     | Noticed a centaur warrior
 17196 | D:15     | Killed a centaur warrior
 17524 | D:15     | Noticed a centaur warrior
 17806 | D:13     | Noticed a two-headed ogre
 17909 | D:13     | Killed a two-headed ogre
 17909 | D:13     | Reached ****** piety under Okawaru
 18448 | D:13     | Received a gift from Okawaru
 18605 | D:13     | Received a gift from Okawaru
 18779 | D:13     | Noticed a centaur warrior
 18793 | D:13     | Killed a centaur warrior
 19313 | D:13     | Received a gift from Okawaru
 19769 | D:13     | Reached XP level 13. HP: 39/107 MP: 6/19
 20123 | D:13     | Found a gate to the Vaults.
 20123 | D:13     | Cast into level 3 of the Abyss (a wizard)
 20294 | Abyss:3  | Noticed a profane servitor
 20305 | Abyss:3  | Noticed a daeva
 20356 | Abyss:3  | Noticed a tentacled starspawn
 20361 | Abyss:3  | Noticed a tentacled starspawn
 20369 | Abyss:3  | Killed a tentacled starspawn
 20369 | Abyss:3  | Reached skill level 16 in Bows
 20375 | Abyss:3  | Killed a tentacled starspawn
 20414 | Abyss:3  | Noticed an angel
 20454 | Abyss:3  | HP: 3/107 [smoke demon/divine providence (13)]
 20457 | Abyss:3  | HP: 1/107 [angel/+2 whip of holy wrath (3)]
 20458 | Abyss:3  | Slain by an angel

Levels and vault maps discovered:
D:1:      wander_arrival_abandoned_jail, layout_basic, minmay_misc_feat_encased
D:2:      layout_loops_cross, st_stairs_8
D:3:      layout_loops_ring, uniq_jessica
D:4:      layout_loops_ring, first_ration
D:5:      layout_layer_cave, minmay_temple_entry_stoned_glass
D:6:      layout_loops_ring, serial_shops, shop, gammafunk_ghost_stat_death,
          tso_metal_star
D:7:      layout_basic, nemelex_altar_shiori
D:8:      layout_cave_pods, lair_entry_dummy
D:9:      layout_roguey, orc_0_dummy, uniq_harold, uniq_grum
D:10:     layout_basic, gammafunk_ghost_hive
D:11:     layout_rooms, blue_anna_alchemist [blue_anna_fruit_fields,
          blue_anna_fruit_fields]
D:12:     layout_basic, minivault_1, fedhas_altar_2
D:13:     layout_stronghold, grunt_vaults_entry_tiered
D:14:     layout_basic, minmay_holes, serial_shops, shop
D:15:     grunt_enter_depths_hoard, layout_basic, fountainhead
Temple:   grunt_wide_crystal_templ
Abyss:3:  evilmike_abyss_exit_mutagenic, minivault_19,
          evilmike_abyss_rune_tso_outpost

Skill      XL: |  1  2  3  4  5  6  7  8  9 10 11 12 13 |
---------------+----------------------------------------+-----
Stealth        | 1 2 3 4 5 6 |  6.0
Bows           | 6 7 8 9 10 12 13 15 16 | 16.2
Dodging        | 2 3 4 5 6 |  6.3
Fighting       | 3 4 5 6 7 8 |  8.0
Short Blades   | 1 2 3 4 6 7 |  7.9
Invocations    | 2 5 6 7 8 9 |  9.0
Armour         | 2 4 |  4.7

Action                   |  1- 3 |  4- 6 |  7- 9 | 10-12 | 13-15 || total
-------------------------+-------+-------+-------+-------+-------++-------
Melee: Short sword       |    52 |    63 |       |     4 |       ||   119
       Kick              |     8 |    21 |    70 |   203 |    44 ||   346
       Dagger            |       |    41 |    77 |    51 |       ||   169
       Rapier            |       |       |   221 |   452 |    87 ||   760
       Punch             |       |       |       |       |     2 ||     2
 Fire: Shortbow          |    44 |    76 |   142 |   431 |       ||   693
Invok: Heroism           |       |       |       |       |     2 ||     2
Evoke: Wand              |       |       |     1 |    10 |       ||    11
  Use: Scroll            |       |    12 |     9 |    10 |     1 ||    32
       Potion            |       |       |       |     3 |     9 ||    12
 Stab: Sleeping          |       |       |     2 |       |       ||     2
       Distracted        |       |       |     1 |       |       ||     1
       Confused          |       |       |     1 |       |       ||     1
  Eat: Chunk             |       |     4 |    20 |    18 |     1 ||    43
       Ration            |       |       |       |     2 |     2 ||     4
Armor: Leather armour    |    26 |    49 |       |       |       ||    75
       Ring mail         |       |    10 |   130 |    24 |       ||   164
       Steam dragon scal |       |       |       |    13 |       ||    13
       Chain mail        |       |       |       |   235 |    99 ||   334
Dodge: Dodged            |    42 |    49 |   135 |   199 |    56 ||   481

Table legend:
 A = Non-vault XP
 B = Vault XP
 C = Vault XP percentage of total XP
 D = Non-vault monster count
 E = Vault monster count
 F = Vault count percentage of total count
                 A         B        C        D         E       F
            +---------+---------+-------+---------+---------+-------
      Total |   39790 |    7185 |  15.3 |     340 |      28 |   7.6
            +---------+---------+-------+---------+---------+-------
        D:1 |      42 |       0 |   0.0 |      16 |       0 |   0.0
        D:2 |     128 |       2 |   1.5 |      29 |       1 |   3.3
        D:3 |      34 |      37 |  52.1 |      16 |       1 |   5.9
        D:4 |     616 |       0 |   0.0 |      21 |       0 |   0.0
        D:5 |     984 |       0 |   0.0 |      25 |       0 |   0.0
        D:6 |     824 |       0 |   0.0 |      26 |       0 |   0.0
        D:7 |    1400 |       0 |   0.0 |      21 |       0 |   0.0
        D:8 |    1025 |     116 |  10.2 |      24 |       1 |   4.0
        D:9 |     578 |    1500 |  72.2 |      14 |       5 |  26.3
       D:10 |    4127 |       0 |   0.0 |      38 |       0 |   0.0
       D:11 |    3966 |      92 |   2.3 |      21 |       1 |   4.5
       D:12 |    4938 |       0 |   0.0 |      32 |       0 |   0.0
       D:13 |    9130 |    4534 |  33.2 |      34 |      18 |  34.6
       D:15 |    5701 |       0 |   0.0 |      16 |       0 |   0.0
    Abyss:3 |    6297 |     904 |  12.6 |       7 |       1 |  12.5
            +---------+---------+-------+---------+---------+-------
